 Dungeon Crawl Stone Soup version 0.23-a0-516-g0f8c245 (webtiles) character file.

2450 emperorscorpion the Thaumaturge (level 9, -3/47 HPs)
             Began as a Deep Elf Fire Elementalist on Dec 5, 2018.
             Was a Believer of Vehumet.
             Slain by a hornet (13 damage)
             ... while paralysed by a hornet
             ... on level 7 of the Dungeon.
             The game lasted 00:15:04 (7043 turns).

emperorscorpion the Thaumaturge (DEFE)              Turns: 7043, Time: 00:15:05

Health: -3/47      AC:  7    Str:  9    XL:     9   Next: 25%
Magic:  22/33      EV:  2    Int: 24    God:    Vehumet [**....]
Gold:   107        SH:  0    Dex: 15    Spells: 14/27 levels left

rFire    . . .     SeeInvis .   b - +3 quarterstaff (drain)
rCold    . . .     Gourm    .   (shield currently unavailable)
rNeg     . . .     Faith    .   i - +0 robe
rPois    .         Spirit   .   J - +0 helmet
rElec    .         Reflect  .   f - +1 cloak
rCorr    .         Harm     .   p - +0 pair of gloves
MR       .....                  L - +0 pair of boots
Stlth    ++........             v - amulet of regeneration
HPRegen  0.55/turn              k - +4 ring of strength
MPRegen  0.23/turn              t - ring of magical power

@: paralysed, lethally poisoned (-3 -> -11), very slightly contaminated, slowed
A: no striking features
a: Renounce Religion


You were on level 7 of the Dungeon.
You worshipped Vehumet.
Vehumet was pleased with you.
You were not hungry.

You visited 2 branches of the dungeon, and saw 8 of its levels.
You also visited: Sewer.

You collected 239 gold pieces.
You spent 132 gold pieces at shops.

Inventory:

Hand Weapons
 a - a +0 spear
 b - a +3 quarterstaff of draining (weapon)
 x - a +0 trident
 z - a +0 blowgun
 H - a +3 quarterstaff of chaos
Missiles
 e - 28 poisoned needles
Armour
 f - a +1 cloak (worn)
 g - a +0 leather armour
 i - a +0 robe (worn)
 o - a cursed +0 ring mail
 p - a +0 pair of gloves (worn)
 J - a +0 helmet (worn)
 L - a +0 pair of boots (worn)
Jewellery
 k - a +4 ring of strength (left hand)
 t - a ring of magical power (right hand)
 v - an amulet of regeneration (around neck)
Wands
 B - a wand of flame (14)
 G - a wand of iceblast (6)
Scrolls
 d - 6 scrolls of teleportation
 h - 9 scrolls of identify
 j - 2 scrolls of fog
 l - 2 scrolls of fear
 m - 3 scrolls of enchant armour
 n - 6 scrolls of remove curse
 r - a scroll of magic mapping
 M - a scroll of blinking
Potions
 q - a potion of mutation {unknown}
 u - 4 potions of heal wounds
 w - a potion of haste {unknown}
 A - a potion of magic {unknown}
 C - 2 potions of experience {unknown}
 D - a potion of berserk rage
 E - 2 potions of ambrosia {unknown}
 F - a potion of curing
 I - a potion of agility
 K - a potion of invisibility {unknown}
Comestibles
 c - 11 rations


   Skills:
 + Level 1.5 Fighting
 - Level 1.0 Staves
 + Level 3.6 Dodging
 - Level 3.6 Stealth
 + Level 9.6 Spellcasting
 + Level 7.1 Conjurations
 + Level 8.2 Fire Magic


You had 14 spell levels left.
You knew the following spells:

 Your Spells              Type           Power        Failure   Level  Hunger
a - Flame Tongue          Conj/Fire      #####        1%          1    None
b - Conjure Flame         Conj/Fire      #####...     1%          3    None
c - Sticky Flame          Conj/Fire      #####...     2%          4    #......
d - Fireball              Conj/Fire      #####.....   6%          5    ####...

Your spell library contained the following spells:

 Spells                   Type           Power        Failure   Level  Hunger
 Throw Frost              Conj/Ice       ####..       1%          2    None
 Throw Flame              Conj/Fire      #####.       1%          2    None
 Inner Flame              Hex/Fire       ####....     3%          3    None


Dungeon Overview and Level Annotations

Branches:
Dungeon (7/15)             Temple (1/1) D:4

Altars:
Cheibriados
Dithmenos
Elyvilon
Fedhas
Gozag
Hepliaklqana
Nemelex Xobeh
Qazlal
Ru
Trog
Uskayaw
Vehumet
Wu Jian
Xom
Zin
The Shining One

Shops:
D:5 *


Message History

Casting: Fireball (safe; 7% risk of failure)
Confirm with . or Enter, or press ? or * to list all spells.
Aiming: Sticky Flame (safe; 2% risk of failure)
Press: ? - help, Shift-Dir - straight line, f/p - necrophage
Aim: a necrophage (almost destroyed)
The sticky flame hits the necrophage.
You destroy the necrophage!
Vehumet accepts your kill.
You feel your power returning.
Your Conjurations skill increases to level 7!
The hornet stings you!
You are poisoned.
You suddenly lose the ability to move!
The hornet stings you!
You are more poisoned.
You shrug off the repeated paralysis!
You feel sick. The hornet stings you!
* * * LOW HITPOINT WARNING * * *
You feel as though you will be slow longer.
The hornet stings you!
You die...

####.#########
#......@.....#
..##.#y........
.....P##.#.
........#
.....#P..8#
#########.. ...
#...


You could see a hornet.

Vanquished Creatures
  Pikel (D:6)
  Prince Ribbit (D:6)
  Sigmund (D:2)
  The ghost of Amnesiac the Sneak, an amateur SpEn (D:3)
  3 sky beasts
  A necrophage (D:7)
  A slave (D:6)
  2 ogres (D:4)
  2 big kobolds (Sewer)
  Blork the orc (D:6)
  A scorpion (D:4)
  2 howler monkeys (D:6)
  2 crimson imps (D:5)
  Crazy Yiuf (D:2)
  3 hounds
  A jelly (D:6)
  An orc wizard (D:4)
  Jessica (D:2)
  A worker ant (D:6)
  A hound skeleton (D:4)
  A mummy (D:7)
  A worker ant zombie (D:5)
  7 adders
  5 gnolls
  4 river rats
  A shadow imp (D:6)
  5 oozes (Sewer)
  An adder skeleton (D:6)
  7 worms
  2 dart slugs
  9 orcs
  8 giant cockroaches
  7 goblins
  9 hobgoblins
  15 jackals
  A quokka (D:3)
  4 ball pythons (Sewer)
  7 bats
  2 frilled lizards
  20 kobolds
  A leopard gecko skeleton (D:5)
  A leopard gecko zombie (D:5)
  A quokka skeleton (D:4)
  12 rats
  A fungus (D:2)
160 creatures vanquished.

Vanquished Creatures (others)
  A gnoll (D:6)
  A jackal skeleton (D:6)
  A fungus (D:3)
3 creatures vanquished.

Grand Total: 163 creatures vanquished

Notes
Turn   | Place    | Note
-------+----------+-------------------------------------------
     0 | D:1      | emperorscorpion the Deep Elf Fire Elementalist began the
                  | quest for the Orb.
     0 | D:1      | Reached XP level 1. HP: 10/10 MP: 6/6
   235 | D:1      | Reached XP level 2. HP: 15/15 MP: 2/8
   802 | D:1      | Reached XP level 3. HP: 19/19 MP: 8/10
  1320 | D:2      | Noticed Sigmund
  1332 | D:2      | Learned a level 3 spell: Conjure Flame
  1540 | D:2      | Found a white marble altar of Elyvilon.
  1581 | D:2      | Found a runed door.
  1585 | D:2      | Noticed Crazy Yiuf
  1590 | D:2      | Killed Crazy Yiuf
  1590 | D:2      | Reached skill level 4 in Spellcasting
  1590 | D:2      | Reached XP level 4. HP: 24/24 MP: 7/12
  1679 | D:2      | Learned a level 4 spell: Sticky Flame
  1836 | D:2      | Found a faded altar of an unknown god.
  1851 | D:2      | Noticed Jessica
  1872 | D:2      | Killed Jessica
  1920 | D:2      | Killed Sigmund
  1920 | D:2      | Reached skill level 1 in Staves
  1920 | D:2      | Reached skill level 5 in Spellcasting
  1920 | D:2      | Reached skill level 5 in Fire Magic
  1920 | D:2      | Reached XP level 5. HP: 18/28 MP: 8/14
  1920 | D:2      | Reached XP level 6. HP: 21/33 MP: 8/15
  2183 | D:2      | Learned a level 5 spell: Fireball
  2207 | D:3      | Found a runed gate.
  2211 | D:3      | Found a runed gate.
  2211 | D:3      | Found a runed gate.
  2212 | D:3      | Noticed Amnesiac's ghost (amateur SpEn)
  2228 | D:3      | Killed Amnesiac's ghost
  3259 | D:4      | Found a staircase to the Ecumenical Temple.
  3269 | Temple   | Entered the Ecumenical Temple
  3424 | Temple   | Became a worshipper of Vehumet
  3565 | D:4      | Found a glowing drain.
  3578 | Sewer    | Entered a sewer
  3605 | Sewer    | Reached XP level 7. HP: 37/37 MP: 17/17
  3769 | Sewer    | Reached * piety under Vehumet
  3769 | Sewer    | Offered knowledge of Sandblast by Vehumet.
  3926 | Sewer    | Reached skill level 6 in Spellcasting
  4526 | D:4      | Reached skill level 5 in Conjurations
  4715 | D:4      | Reached skill level 7 in Spellcasting
  4771 | D:4      | Found a shimmering altar of Xom.
  4946 | D:5      | Entered Level 5 of the Dungeon
  4987 | D:5      | Reached XP level 8. HP: 42/42 MP: 20/20
  5019 | D:5      | Found a sparkling altar of Nemelex Xobeh.
  5019 | D:5      | Found a hazy altar of Hepliaklqana.
  5191 | D:5      | Found Ymyd's Assorted Antiques.
  5196 | D:5      | Found a stormy altar of Qazlal.
  5199 | D:5      | Bought 3 scrolls labeled JOTORE XADAQ for 99 gold pieces
  5199 | D:5      | Bought a scroll labeled DIGOPUO ORIWU for 33 gold pieces
  5260 | D:5      | Found an opulent altar of Gozag.
  5364 | D:5      | Found a glowing golden altar of the Shining One.
  5634 | D:6      | Reached skill level 8 in Spellcasting
  5634 | D:6      | Offered knowledge of Throw Frost by Vehumet.
  5675 | D:6      | Noticed Blork the orc
  5679 | D:6      | Killed Blork the orc
  5679 | D:6      | Reached skill level 1 in Fighting
  5839 | D:6      | Noticed Prince Ribbit
  5844 | D:6      | Killed Prince Ribbit
  5844 | D:6      | Reached ** piety under Vehumet
  6054 | D:6      | Noticed Pikel
  6059 | D:6      | Killed Pikel
  6059 | D:6      | Reached skill level 9 in Spellcasting
  6059 | D:6      | Reached XP level 9. HP: 47/47 MP: 10/24
  7042 | D:7      | Paralysed by a hornet for 3 turns
  7043 | D:7      | Slain by a hornet

Vault maps used:
D:1:      eino_arrival_water_star
D:2:      elyvilon_altar_3, chequers_ecumenical_altar_island, uniq_sigmund,
          uniq_jessica, uniq_crazy_yiuf_cottage
D:3:      gammafunk_ghost_nasty_kobolds
D:4:      marbit_many_paths, minmay_temple_entry_mist,
          lightli_sewer_entry_pipes, first_ration
D:5:      nicolae_tso_swordbearing_angel, overflow_temple_1_default,
          lemuel_round_altar, gammafunk_temple_overflow_pools, serial_shops,
          nicolae_shop_overgrown_old_shop, st_stairs_9
D:6:      uniq_pikel, uniq_blork_the_orc, uniq_prince_ribbit1
D:7:      chequers_temple_overflow_minitemple, lemuel_crystal_altar,
          serial_shops, kennysheep_mini_moat, nicolae_shop_statue_plus,
          kennysheep_mini, shop, serial_undead, serial_undead_b,
          serial_undead_b, serial_undead_e, serial_undead_e, serial_undead_b,
          serial_undead_b
Temple:   minmay_temple_curvy_loop
Sewer:    sewer_co_tree

Skill      XL: |  1  2  3  4  5  6  7  8  9 |
---------------+----------------------------+-----
Fire Magic     | 4 5 6 8 |  8.2
Spellcasting   | 4 5 7 9 |  9.6
Conjurations   | 2 3 5 6 7 |  7.1
Staves         | 1 |  1.0
Dodging        | 3 |  3.6
Stealth        | 3 |  3.6
Fighting       | 1 |  1.5

Action                   |  1- 3 |  4- 6 |  7- 9 || total
-------------------------+-------+-------+-------++-------
Melee: Unarmed           |     4 |       |       ||     4
       Spear             |    24 |       |       ||    24
       Quarterstaff      |       |    30 |    37 ||    67
 Cast: Flame Tongue      |    72 |    41 |    50 ||   163
       Sticky Flame      |       |     2 |     4 ||     6
       Fireball          |       |     2 |    40 ||    42
  Use: Potion            |     2 |     1 |       ||     3
       Scroll            |     1 |       |     8 ||     9
 Stab: Sleeping          |       |     5 |     3 ||     8
  Eat: Chunk             |     1 |     9 |    14 ||    24
       Ration            |       |       |     2 ||     2
Armor: Robe              |     8 |     2 |    10 ||    20
Dodge: Dodged            |    28 |    28 |    28 ||    84

Table legend:
 A = Non-vault XP
 B = Vault XP
 C = Vault XP percentage of total XP
 D = Non-vault monster count
 E = Vault monster count
 F = Vault count percentage of total count
                 A         B        C        D         E       F
            +---------+---------+-------+---------+---------+-------
      Total |    1413 |    2088 |  59.6 |      99 |      59 |  37.3
            +---------+---------+-------+---------+---------+-------
        D:1 |      71 |       0 |   0.0 |      33 |       0 |   0.0
        D:2 |      48 |     299 |  86.2 |      18 |       3 |  14.3
        D:3 |      28 |     153 |  84.5 |      12 |      11 |  47.8
        D:4 |     397 |      90 |  18.5 |      11 |      10 |  47.6
        D:5 |     418 |      28 |   6.3 |       8 |       2 |  20.0
        D:6 |     451 |    1062 |  70.2 |      17 |       3 |  15.0
        D:7 |       0 |     142 | 100.0 |       0 |       2 | 100.0
      Sewer |       0 |     314 | 100.0 |       0 |      28 | 100.0
            +---------+---------+-------+---------+---------+-------
